 Dungeon Crawl Stone Soup version 0.31-a0-237-g2d982f9f85 (webtiles) character file.

Game seed: 11662462080646233482

195 qw the Shooter (level 5, -2/32 HPs)
             Began as a Gargoyle Hexslinger on July 10, 2023.
             Slain by Robin
             ... wielding a +2 vampiric falchion
              (5 damage)
             ... on level 3 of the Dungeon.
             The game lasted 00:00:40 (1264 turns).

qw the Shooter (Gargoyle Hexslinger)                Turns: 1264, Time: 00:00:41

Health: -2/32      AC: 13    Str: 11    XL:     5   Next: 74%
Magic:  6/6        EV: 10    Int: 14    God:
Gold:   65         SH:  0    Dex: 14    Spells: 5/6 levels left

rFire   . . .        Y - +1 sling
rCold   . . .        (no shield)
rNeg    + . .        h - +0 ring mail
rPois   inf          (no helmet)
rElec   +            (no cloak)
rCorr   .            (no gloves)
SInv    .            (no boots)
Will    .....        (no amulet)
Stlth   +            d - +4 ring of protection
HPRegen 0.25/turn    (no ring)
MPRegen 0.10/turn

%: no passive effects
@: no status effects
A: sickness immunity, AC +4, negative energy resistance 1, electricity
resistance, torment resistance 1, petrification resistance
a: no special abilities


You were on level 3 of the Dungeon.
You visited 1 branch of the dungeon, and saw 3 of its levels.

You collected 65 gold pieces.


Innate Abilities, Weirdness & Mutations

You are immune to sickness and miasma.
Your stone body is resilient. (AC +4)
You are immune to poison.
You resist negative energy. (rN+)
You are resistant to electric shocks. (rElec)
You are resistant to unholy torment.
You are immune to petrification.


   Skills:
 + Level 2.9 Fighting
 - Level 5.0 Ranged Weapons
 - Level 1.0 Armour
 - Level 1.5 Dodging
 - Level 1.0 Spellcasting
 - Level 2.6 Hexes


You had 5 spell levels left.
You knew the following spells:

 Your Spells              Type           Power      Damage    Failure   Level
a - Slow                  Hex            32%        N/A       21%         1

Your spell library contained the following spells:

 Spells                   Type           Power      Damage    Failure   Level
 Inner Flame              Hex/Fire       4%         N/A       71%         3
 Portal Projectile        Hex/Tloc       8%         N/A       71%         3
 Cause Fear               Hex            4%         N/A       90%         4

Inventory:

Hand Weapons
 Y - a +1 sling (weapon)
Armour
 h - a +0 ring mail (worn)
Jewellery
 d - a +4 ring of protection (left hand)
 e - a ring of fire
Scrolls
 a - 3 scrolls of identify
 j - a scroll of fear {unknown}
Potions
 c - a potion of cancellation
 f - a potion of haste
 g - a potion of mutation {unknown}
 i - a potion of enlightenment

Dungeon Overview and Level Annotations

Branches:
Dungeon (3/15)

Altars:

Shops:
D:1 (=?=

Annotations:
D:3 1 runed translucent door, Robin; qw's ghost, amateur MiHs


Message History

The frilled lizard bites you but does no damage.
The hobgoblin hits you but does no damage. x2
Robin roars a battlecry!
The goblins go into a battle-frenzy!
The hobgoblin closely misses you.
You shoot a sling bullet. The sling bullet hits the hobgoblin.
You kill the hobgoblin!
The hobgoblin no longer looks unusually strong. x2
The goblin barely misses you.
The hobgoblin hits you but does no damage.
Robin throws the goblin at you!
The hobgoblin hits you but does no damage.
The frilled lizard barely misses you. The hobgoblin barely misses you. x2
The hobgoblin closely misses you.
The frilled lizard hisses.
The frilled lizard bites you but does no damage.
The goblin hits you with a +0 club.
Robin roars a battlecry!
The hobgoblins go into a battle-frenzy!
The goblin hits you but does no damage. The hobgoblin closely misses you.
You shoot a sling bullet. The sling bullet hits the goblin.
You kill the goblin!
The goblin hits you but does no damage.
The frilled lizard bites you but does no damage.
The hobgoblin hits you.
The hobgoblin hits you but does no damage.
Robin barely misses you. The hobgoblin barely misses you.
You shoot a sling bullet. The sling bullet closely misses Robin.
The goblin closely misses you.
The frilled lizard bites you but does no damage.
The hobgoblin completely misses you.
The hobgoblin hits you but does no damage.
Robin's bangles clink loudly.
Robin barely misses you. The hobgoblin barely misses you.
You shoot a sling bullet. The sling bullet hits Robin.
Robin is moderately wounded.
The goblin hits you with a +0 club. The hobgoblin completely misses you.
Robin says, "Bow before me, strongest of all the hobgoblins!"
Robin hits you with a +2 vampiric falchion.
You die...

####..%.# #...##%##.# #.#
#....#.## #...##.##.# #.#
##.####.# #...##.##.# #.#
###..#.##.# #...##.....
#.#
#...##.##)######..##.....
#.#
..........#...........###
#.#
..(..................##}
...
######.####....)gg..##..
..####.# #....g@l.##...
#......# #....gg).#W.!7
...###.# #....)...##...
...# #.# #.........##..
...###.# #..........##.
.......# #...........#+
######## ##......##....
#....!.# ....


You could see Robin, qw's ghost, 3 hobgoblins, a goblin (strong) and a frilled
lizard.

Vanquished Creatures
  A phantom (D:3)
  Terence (D:2)
  Jessica (D:2)
  3 adders (D:2)
  2 worms
  An orc (D:3)
  2 ball pythons
  2 bats (D:2)
  6 endoplasms
  6 goblins (D:3)
  4 hobgoblins
  A quokka (D:2)
  A frilled lizard (D:2)
  4 kobolds
35 creatures vanquished.

Notes
Turn   | Place    | Note
-------+----------+-------------------------------------------
     0 | D:1      | qw the Gargoyle Hexslinger began the quest for the Orb.
     0 | D:1      | Reached XP level 1. HP: 12/12 MP: 2/2
     0 | D:1      | 0 ||| qw: Version: 0.3-a-52-g30416fa
     0 | D:1      | 0 ||| qw: Game counter: 5294
     0 | D:1      | 0 ||| qw: Melee chars always use a shield: true
     0 | D:1      | 0 ||| qw: God list: Okawaru
     0 | D:1      | 0 ||| qw: Allow faded altars: false
     0 | D:1      | 0 ||| qw: Do Orc after clearing Dungeon:15 true
     0 | D:1      | 0 ||| qw: Do second Lair branch before Depths: true
     0 | D:1      | 0 ||| qw: Lair rune preference: random
     0 | D:1      | 0 ||| qw: Goals: Normal
     0 | D:1      | 0 ||| PLANNING D:1-11
    20 | D:1      | Found Qibyh's Magic Scroll Shoppe.
    36 | D:1      | 36 ||| SHOPLISTING scroll of identify (26 gold, have 0).
    36 | D:1      | 36 ||| SHOPLISTING scroll of teleportation (39 gold, have
                  | 0).
   167 | D:1      | Found Qorphecu's Jewellery Shoppe.
   173 | D:1      | 173 ||| SHOPLISTING +6 ring of dexterity (504 gold, have
                  | 0).
   173 | D:1      | 173 ||| SHOPLISTING amulet "Kiullo" {Spirit rElec Dex+2}
                  | (674 gold, have 0).
   173 | D:1      | 173 ||| SHOPLISTING amulet of Qistru {Regen+ Str+2} (576
                  | gold, have 0).
   173 | D:1      | 173 ||| SHOPLISTING amulet of reflection (420 gold, have
                  | 0).
   173 | D:1      | 173 ||| SHOPLISTING amulet of regeneration (420 gold, have
                  | 0).
   173 | D:1      | 173 ||| SHOPLISTING ring of positive energy (280 gold, have
                  | 0).
   173 | D:1      | 173 ||| SHOPLISTING ring of protection from fire (350 gold,
                  | have 0).
   173 | D:1      | 173 ||| SHOPLISTING ring of the Heavens {Ice Contam rCorr
                  | Str+3} (536 gold, have 0).
   230 | D:1      | Reached XP level 2. HP: 16/16 MP: 3/3
   317 | D:1      | Found Naamuh's Weapon Shop.
   352 | D:1      | Found Renui's Jewellery Shop.
   356 | D:1      | 356 ||| SHOPLISTING +4 ring of slaying (1014 gold, have
                  | 28).
   356 | D:1      | 356 ||| SHOPLISTING +6 ring of dexterity (468 gold, have
                  | 28).
   356 | D:1      | 356 ||| SHOPLISTING amulet of faith (520 gold, have 28).
   356 | D:1      | 356 ||| SHOPLISTING ring of Brilliance {+Blink rElec rF+}
                  | (598 gold, have 28).
   356 | D:1      | 356 ||| SHOPLISTING ring of positive energy (260 gold, have
                  | 28).
   356 | D:1      | 356 ||| SHOPLISTING ring of see invisible (195 gold, have
                  | 28).
   366 | D:1      | 366 ||| UPGRADING to +0 leather armour.
   376 | D:1      | 376 ||| DROPPING +0 robe.
   377 | D:1      | 377 ||| UPGRADING to +0 ring mail.
   387 | D:1      | 387 ||| DROPPING +0 leather armour.
   388 | D:1      | 388 ||| READING 6 scrolls labelled GUUXIL JAI.
   389 | D:1      | 389 ||| READING scroll labelled EZENAF TU HEITA.
   390 | D:1      | 390 ||| READING scroll labelled SEOHUSE TIUSU.
   395 | D:1      | 395 ||| DRINKING 2 lumpy red potions.
   396 | D:1      | 396 ||| DROPPING scroll of poison.
   410 | D:2      | Noticed Jessica
   414 | D:2      | Killed Jessica
   415 | D:2      | Reached skill level 3 in Ranged Weapons
   415 | D:2      | Reached XP level 3. HP: 20/20 MP: 4/4
   559 | D:2      | Noticed Terence
   573 | D:2      | Killed Terence
   574 | D:2      | Reached XP level 4. HP: 18/27 MP: 5/5
   666 | D:2      | Reached skill level 4 in Ranged Weapons
   914 | D:2      | Reached skill level 1 in Armour
  1050 | D:2      | 1050 ||| UPGRADING to +4 ring of protection.
  1051 | D:2      | 1051 ||| READING 6 scrolls of identify.
  1051 | D:2      | 1051 ||| IDENTIFYING murky purple potion
  1052 | D:2      | 1052 ||| READING 5 scrolls of identify.
  1052 | D:2      | 1052 ||| IDENTIFYING sedimented pink potion
  1053 | D:2      | 1053 ||| READING 4 scrolls of identify.
  1053 | D:2      | 1053 ||| IDENTIFYING bubbling puce potion
  1073 | D:3      | Noticed a phantom
  1084 | D:3      | Killed a phantom
  1085 | D:3      | Reached XP level 5. HP: 31/31 MP: 6/6
  1149 | D:3      | Reached skill level 5 in Ranged Weapons
  1239 | D:3      | Found a runed translucent door.
  1239 | D:3      | Noticed qw's ghost (amateur MiHs)
  1243 | D:3      | Noticed Robin
  1253 | D:3      | HP: 7/32 [hobgoblin[Robin] (2)]
  1254 | D:3      | 1254 ||| DRINKING potion of heal wounds.
  1259 | D:3      | HP: 8/32 [hobgoblin[Robin] (3)]
  1264 | D:3      | HP: 3/32 [goblin/+0 club[Robin] (3)]
  1264 | D:3      | Slain by Robin

Levels and vault maps discovered:
D:1:      lemuel_arrival_behind_the_door_small, layout_rooms, serial_shops,
          shop, shop, shop, nicolae_shop_pleasant_corner_grove,
          nicolae_kite_square_tiling_tiny, minivault_24
D:2:      layout_basic, uniq_terence, uniq_jessica
D:3:      layout_basic, hellmonk_ghost_happy_afterlife, uniq_robin

Skill      XL: |  1  2  3  4  5 |
---------------+----------------+-----
Ranged Weapons | 3 4 5 |  5.0
Fighting       | 2 |  2.9
Armour         | 1 |  1.0
Dodging        | |  1.5
Spellcasting   | |  1.0
Hexes          | |  2.6

Action                     |  1- 3 |  4- 6 || total
---------------------------+-------+-------++-------
   Fire: Sling             |    63 |   104 ||   167
    Use: Scroll            |     3 |     3 ||     6
         Potion            |     1 |     1 ||     2
 Armour: Robe              |     5 |       ||     5
         Ring mail         |     5 |    89 ||    94
  Dodge: Dodged            |    13 |    86 ||    99

Table legend:
 A = Non-vault XP
 B = Vault XP
 C = Vault XP percentage of total XP
 D = Non-vault monster count
 E = Vault monster count
 F = Vault count percentage of total count
                 A         B        C        D         E       F
            +---------+---------+-------+---------+---------+-------
      Total |     190 |      89 |  31.9 |      26 |       9 |  25.7
            +---------+---------+-------+---------+---------+-------
        D:1 |      13 |       0 |   0.0 |       7 |       0 |   0.0
        D:2 |      57 |      75 |  56.8 |      11 |       2 |  15.4
        D:3 |     120 |      14 |  10.4 |       8 |       7 |  46.7
            +---------+---------+-------+---------+---------+-------
